 Dungeon Crawl Stone Soup version 0.30-a0-54-g2e61a25929 (webtiles) character file.

Game seed: 12840844170436519786

295 ytrimaz the Shield-Bearer (level 6, 0/47 HPs)
             Began as a Formicid Fighter on Sept 7, 2022.
             Slain by a yak (6 damage)
             ... on level 4 of the Dungeon.
             The game lasted 00:02:50 (2698 turns).

ytrimaz the Shield-Bearer (Formicid Fighter)        Turns: 2698, Time: 00:02:50

Health: 0/47       AC:  6    Str: 23    XL:     6   Next: 61%
Magic:  15/15      EV:  8    Int:  7    God:
Gold:   150        SH: 10    Dex: 13    Spells: 5/5 levels left

rFire   . . .      SeeInvis +    j - +8 hand axe of the Forsaken Seers {vorpal, rPois rC++ MP+9 SInv}
rCold   + + .      Faith    .    e - +0 kite shield
rNeg    . . .      Spirit   .    b - +0 scale mail
rPois   +          Reflect  .    (helmet unavailable)
rElec   .          Harm     .    (no cloak)
rCorr   .          Rampage  .    (no gloves)
Will    .....                    (no boots)
Stlth   ..........               (no amulet)
HPRegen 0.15/turn                (no ring)
MPRegen 0.14/turn                (no ring)

@: mighty
A: permanent stasis, dig shafts and tunnels, antennae 3, four strong arms
a: Dig, Shaft Self


You were on level 4 of the Dungeon.
You visited 1 branch of the dungeon, and saw 4 of its levels.

You collected 150 gold pieces.


Innate Abilities, Weirdness & Mutations

You cannot be hasted, slowed, berserked, paralysed or teleported.
You can dig through walls and to a lower floor.
You have a pair of large antennae on your head. (SInv)
Your four strong arms can wield two-handed weapons with a shield.


   Skills:
 - Level 3.4 Fighting
 + Level 4.7 Axes
 - Level 3.2 Armour
 + Level 6.9 Shields


You had 5 spell levels left.
You didn't know any spells.
Your spell library contained the following spells:

 Spells                   Type           Power      Damage    Failure   Level
 Necrotise                Necr           0%         1d4       94%         1
 Sublimation of Blood     Necr           0%         N/A       98%         2
 Vampiric Draining        Necr           0%         2d6       100%        3
 Petrify                  Tmut/Erth      0%         N/A       100%        4
 Agony                    Necr           0%         N/A       100%        5
 Irradiate                Conj/Tmut      0%         3d11      100%        5

Inventory:

Hand Weapons
 a - a +0 war axe
 i - a +0 hand axe
   (You found it on level 1 of the Dungeon)
 j - the +8 hand axe of the Forsaken Seers (weapon) {vorpal, rPois rC++ MP+9 SInv}
   (You found it on level 2 of the Dungeon)

   It inflicts extra damage upon your enemies.
   rC:        It greatly protects you from cold.
   rPois:     It protects you from poison.
   MP:        It affects your magic capacity (+9).
   SInv:      It lets you see invisible.
Armour
 b - a +0 scale mail (worn)
 c - a +0 buckler
 e - a +0 kite shield (worn)
   (You found it on level 1 of the Dungeon)
Wands
 k - a wand of iceblast (8)
   (You took it off Ijyb on level 3 of the Dungeon)
Scrolls
 g - 3 scrolls of enchant weapon
Potions
 d - a potion of might
 f - a potion of curing
 h - 2 potions of degeneration {unknown}
 l - a potion of mutation {unknown}
 m - 2 potions of brilliance {unknown}

Dungeon Overview and Level Annotations

Branches:
Dungeon (4/15) Zot: 21261
 Temple: D:4-7

Altars:
Ashenzari

Shops:
D:3

( ......
#.........#####.#. ......
##.........# #.##
.P...>##......^...#####.##
P~................##......
..................#.##
.....................
#.#...............#.
#.Y.....).......#.
Y#@#.#.......(.....
#..YYY.....##.##.#...
P......Y................
...##########....##....[
.. ##...##.....
#..?##..... #...##.....
#...##..... #...##.....


You could see 5 yaks.


Message History

A kobold is nearby!
A kobold is nearby!
You block the kobold's attack.
A kobold is nearby!
You closely miss the kobold. The kobold hits you but does no damage.
A kobold is nearby!
You slash the kobold!
You kill the kobold!
No target in view!
No target in view!
Unknown command.
You see here a +0 short sword.
Key pressed, stopping explore.
As you read the scroll labelled FENICH EXTANISS, it crumbles to dust.
Wisps of shadow whirl around you...
It was a scroll of summoning.
Unknown command.
As you read the scroll of identify, it crumbles to dust.
f - 2 potions of curing Unknown command.
You swap places.
Key pressed, stopping explore.
You swap places.
Found a stone staircase leading down.
No target in view!
Your goblin dissolves into shadows!
You see here 3 stones.
Your quokka dissolves into shadows!
You swap places.
You see here 3 stones.
Your giant cockroach dissolves into shadows!
You see here a scroll of teleportation.
Key pressed, stopping explore.
No target in view!
n - a scroll labelled SYRGHU FEL EREMM Key pressed, stopping explore.
No target in view!
Key pressed, stopping explore.
No target in view!
You pick up a book of Alchemy and begin reading...
You add the spells Sublimation of Blood, Petrify and Irradiate to your library.
No target in view!
Found a stone staircase leading up.
No target in view!
A yak comes into view.
The yak bellows!
A yak comes into view.
The yak moves out of view.
The yak bellows!
A yak comes into view. x2
There are monsters nearby!
A yak comes into view.
The yak bellows! x2
A yak comes into view.
There are monsters nearby!
You hit the yak but do no damage. You block the yak's attack.
There are monsters nearby!
There are monsters nearby!
You slash the yak! The yak gores you. 😕 HP[-6]
You take 6 damage, and now have 41/47 hp.
There are monsters nearby!
You slash the yak! You hit the yak. You block the yak's attack.
The yak gores you! 😮 HP[-8]
You take 8 damage, and now have 33/47 hp.
There are monsters nearby!
You are too injured to fight recklessly!
There are monsters nearby!
You are too injured to fight recklessly!
There are monsters nearby!
You are too injured to fight recklessly!
You are too injured to fight recklessly!
You are too injured to fight recklessly!
You are too injured to fight recklessly!
You hit the yak.
You are too injured to fight recklessly!
The yak gores you!
* * * LOW HITPOINT WARNING * * *
😨 HP[-10]
You take 10 damage, and now have 23/47 hp.
MASSIVE DAMAGE!! (PAUSE)
As you read the scroll labelled SYRGHU FEL EREMM, it crumbles to dust.
It is a scroll of amnesia.
You feel forgetful for a moment. You block the yak's attack. The yak gores you.
* * * LOW HITPOINT WARNING * * *
The yak barely misses you. 😨 HP[-5]
You take 5 damage, and now have 18/47 hp.
Unknown command.
You feel very mighty all of a sudden. The yak barely misses you.
The yak gores you!
* * * LOW HITPOINT WARNING * * *
The yak gores you but does no damage. 😱 HP[-12]
You take 12 damage, and now have 6/47 hp.
MASSIVE DAMAGE!! (PAUSE) Unknown command.
You feel better. The yak gores you!
* * * LOW HITPOINT WARNING * * *
The yak gores you but does no damage. The yak gores you.
You die...

Skill      XL: |  1  2  3  4  5 |
---------------+----------------+-----
Axes           | 3 4 |  4.7
Shields        | 5 6 |  6.9
Fighting       | |  3.4
Armour         | |  3.2

Action                   |  1- 3 |  4- 6 || total
-------------------------+-------+-------++-------
Melee: War axe           |    16 |       ||    16
       Hand axe          |    49 |    82 ||   131
  Use: Scroll            |     5 |     3 ||     8
       Potion            |       |     2 ||     2
Armor: Scale mail        |    29 |    27 ||    56
Dodge: Dodged            |    21 |    23 ||    44
Block: Kite shield       |    41 |    33 ||    74

Levels and vault maps discovered:
D:1:      eino_arrival_water_cross, layout_loops_ring, moated_statue
D:2:      layout_rooms
D:3:      layout_loops_corners, evilmike_ruin_ashenzari, serial_shops,
          nicolae_shop_bloodbath_and_beyond, uniq_ijyb, uniq_jessica, uniq_robin
D:4:      layout_rooms, mainiacjoe_overflow_alcove_2,
          gammafunk_temple_overflow_wave, serial_bayou_pond_c

Notes
Turn   | Place    | Note
-------+----------+-------------------------------------------
     0 | D:1      | ytrimaz the Formicid Fighter began the quest for the Orb.
     0 | D:1      | Reached XP level 1. HP: 18/18 MP: 1/1
     0 | D:1      | magus.rc [v1.9.6]
   184 | D:1      | Reached XP level 2. HP: 19/24 MP: 2/2
   526 | D:1      | You fall into a shaft and drop 1 floor!
   542 | D:2      | Identified the +8 hand axe of the Forsaken Seers {vorpal,
                  | rPois rC++ MP+9 SInv}
   560 | D:2      | Reached XP level 3. HP: 22/29 MP: 2/3
  1047 | D:2      | Identified the +11 spear of the Dove {spect, *Noise rF++
                  | Str+3}
  1240 | D:2      | Reached skill level 3 in Axes
  1334 | D:2      | You pick up a book of Necromancy and begin reading...
  1334 | D:2      | You add the spells Necrotise, Vampiric Draining and Agony
                  | to your library.
  1398 | D:3      | Found a broken altar of Ashenzari.
  1402 | D:3      | Noticed Ijyb
  1408 | D:3      | Reached skill level 5 in Shields
  1412 | D:3      | Killed Ijyb
  1413 | D:3      | Reached XP level 4. HP: 22/35 MP: 4/4
  1722 | D:3      | Noticed Jessica
  1727 | D:3      | Killed Jessica
  1728 | D:3      | Reached XP level 5. HP: 41/41 MP: 5/5
  1935 | D:3      | Noticed Robin
  1947 | D:3      | Killed Robin
  1948 | D:3      | Reached skill level 6 in Shields
  2012 | D:3      | Reached skill level 4 in Axes
  2114 | D:3      | Found Ydabb's Weapon Shoppe.
  2412 | D:4      | Reached XP level 6. HP: 46/47 MP: 6/6
  2667 | D:4      | You pick up a book of Alchemy and begin reading...
  2667 | D:4      | You add the spells Sublimation of Blood, Petrify and
                  | Irradiate to your library.
  2686 | D:4      | Noticed a yak
  2686 | D:4      | Noticed a yak
  2688 | D:4      | Noticed a yak
  2688 | D:4      | Noticed a yak
  2689 | D:4      | Noticed a yak
  2689 | D:4      | Noticed a yak
  2697 | D:4      | HP: 6/47 [yak (12)]
  2698 | D:4      | Slain by a yak

Vanquished Creatures
  A scorpion (D:4)
  A hound (D:4)
  Jessica (D:3)
  Ijyb (D:3)
  An orc wizard (D:3)
  Robin (D:3)
  3 adders
  A dart slug (D:1)
  8 orcs (D:3)
  10 endoplasms
  A giant cockroach (D:2)
  10 goblins
  4 hobgoblins
  3 jackals (D:1)
  A quokka (D:2)
  13 ball pythons
  8 bats
  2 frilled lizards
  6 kobolds
  7 rats
83 creatures vanquished.

Table legend:
 A = Non-vault XP
 B = Vault XP
 C = Vault XP percentage of total XP
 D = Non-vault monster count
 E = Vault monster count
 F = Vault count percentage of total count
                 A         B        C        D         E       F
            +---------+---------+-------+---------+---------+-------
      Total |     318 |     104 |  24.6 |      70 |      13 |  15.7
            +---------+---------+-------+---------+---------+-------
        D:1 |      27 |       0 |   0.0 |      16 |       0 |   0.0
        D:2 |      31 |       0 |   0.0 |      12 |       0 |   0.0
        D:3 |     102 |     104 |  50.5 |      33 |      13 |  28.3
        D:4 |     158 |       0 |   0.0 |       9 |       0 |   0.0
            +---------+---------+-------+---------+---------+-------

Illustrated notes

Table legend:
 A = Kills in this place as a percentage of kills in entire the game.
 B = Kills by you in this place as a percentage of kills by you in the entire game.
 C = Kills by friends in this place as a percentage of kills by friends in the entire game.
 D = Other kills in this place as a percentage of other kills in the entire game.
 E = Experience gained in this place as a percentage of experience gained in the entire game.
 F = Experience gained in this place divided by the number of levels of this place that you have seen.
                   A       B       C       D       E      F
               +-------+-------+-------+-------+-------+----------------------
         Total | 100.0 | 100.0 |   N/A |   N/A | 100.0 | 105.5
       Dungeon | 100.0 | 100.0 |   N/A |   N/A | 100.0 | 105.5
               +-------+-------+-------+-------+-------+----------------------

Table legend: (Time is in decaauts)
 A = Elapsed time spent in this place.
 B = Non-inter-level travel time spent in this place.
 C = Inter-level travel time spent in this place.
 D = Time resting spent in this place.
 E = Time spent auto-exploring this place.
 F = Levels seen in this place.
 G = Mean time per level.
                   A        B        C        D        E       F      G
               +--------+--------+--------+--------+--------+-----+--------+
         Total |   2737 |   2703 |     34 |      0 |   2173 |   4 |  684.2 |
       Dungeon |   2737 |   2703 |     34 |      0 |   2173 |   4 |  684.2 |
               +--------+--------+--------+--------+--------+-----+--------+

Top non-repeatable levels by time:
     D:3: 1027 daAuts
     D:1: 799 daAuts
     D:2: 613 daAuts
     D:4: 297 daAuts
